 Dungeon Crawl Stone Soup version 0.30-a0-137-gd8773701ce (webtiles) character file.

Game seed: 13365118534594700466

835 LnG the Covert (level 8, -30/43 HPs)
             Began as a Kobold Summoner on Sept 23, 2022.
             Killed by an exploding white imp (51 damage)
             ... ignited by their inner flame
             ... on level 5 of the Dungeon.
             The game lasted 00:17:39 (5097 turns).

LnG the Covert (Kobold Summoner)                    Turns: 5097, Time: 00:17:39

Health: -30/43     AC:  2    Str:  5      XL:     8   Next: 18%
Magic:  0/13       EV: 15    Int: 19      God:
Gold:   177        SH:  0    Dex: 13 (15) Spells: 1/14 levels left

rFire   . . .      SeeInvis .    d - +1 dagger
rCold   . . .      Faith    .    (no shield)
rNeg    . . .      Spirit   .    a - +0 robe
rPois   .          Reflect  .    (no helmet)
rElec   .          Harm     .    (no cloak)
rCorr   .          Rampage  .    (no gloves)
Will    .....                    (no boots)
Stlth   +++++.....               (no amulet)
HPRegen 0.14/turn                (no ring)
MPRegen 0.13/turn                (no ring)

@: no status effects
A: small, no large weapons, nightstalker 3
a: no special abilities


You were on level 5 of the Dungeon.
You visited 1 branch of the dungeon, and saw 5 of its levels.

You collected 177 gold pieces.

Inventory:

Hand Weapons
 d - a +1 dagger (weapon)
Armour
 a - a +0 robe (worn)
Wands
 g - a wand of mindburst (3)
 n - a wand of light (4)
 o - a wand of paralysis (4)
Scrolls
 f - 2 scrolls of magic mapping
 h - a scroll of immolation
 i - a scroll of amnesia
Potions
 b - a potion of magic
 c - 2 potions of degeneration {unknown}
 k - 2 potions of invisibility {unknown}
 m - 3 potions of brilliance {unknown}
 q - a potion of haste {unknown}
 r - a potion of might {unknown}


   Skills:
 + Level 1.4 Fighting
 + Level 2.6 Short Blades
 + Level 4.1 Dodging
 * Level 8.6 Stealth
 + Level 3.9 Spellcasting
 + Level 0.8 Hexes
 + Level 5.4 Summonings


You had one spell level left.
You knew the following spells:

 Your Spells              Type           Power      Damage    Failure   Level
a - Summon Small Mammal   Summ           96%        N/A       1%          1
b - Call Imp              Summ           24%        N/A       2%          2
c - Call Canine Familiar  Summ           24%        N/A       4%          3
d - Summon Guardian Gole  Hex/Summ       15%        N/A       12%         3
e - Summon Lightning Spi  Summ/Air       14%        N/A       41%         4

Your spell library contained the following spells:

 Spells                   Type           Power      Damage    Failure   Level
 Slow                     Hex            28%        N/A       10%         1
 Magic Dart               Conj           12%        1d3       14%         1
 Ensorcelled Hibernation  Hex/Ice        10%        N/A       19%         2
 Cigotuvi's Dreadful Rot  Necr/Pois/Air  6%         N/A       22%         2
 Passwall                 Tmut/Erth      2%         N/A       22%         2
 Poisonous Vapours        Pois/Air       6%         N/A       22%         2
 Searing Ray              Conj           6%         2d4       22%         2
 Confusing Touch          Hex            7%         N/A       28%         3
 Swiftness                Air            3%         N/A       38%         3
 Vampiric Draining        Necr           3%         2d6       38%         3
 Fulminant Prism          Conj/Hex       2%         3d6       75%         4
 Hailstorm                Conj/Ice       3%         3d3       80%         4
 Ice Form                 Ice/Tmut       3%         N/A       80%         4
 Simulacrum               Ice/Necr       1%         N/A       100%        6
 Storm Form               Tmut/Air       1%         N/A       100%        7
 Maxwell's Capacitive Co  Air            1%         ∞         100%        8
 Chain Lightning          Conj/Air       1%         3d2       100%        9
 Fire Storm               Conj/Fire      1%         8d1       100%        9
 Shatter                  Erth           1%         3d6*      100%        9


Dungeon Overview and Level Annotations

Branches:
Dungeon (5/15)
 Temple: D:4-7

Altars:
Cheibriados
Elyvilon
Makhleb
Sif Muna
Vehumet

Annotations:
D:4 2 transporters, Bediveer's ghost, novice HuWn
D:5 Eustachio


Innate Abilities, Weirdness & Mutations

You are small and have problems with some larger weapons.
You are completely attuned to the shadows.


Message History

The white imp hits you but does no damage.
The white imp barely misses you.
The nameless horror hits you but does no damage.
You hit the white imp but do no damage.
The white imp is severely wounded.
The ufetubus hits you but does no damage.
The ufetubus completely misses you.
Your hound bites the white imp.
Flame seeps out of the white imp.
The white imp hits you but does no damage.
The ufetubus hits you.
The ufetubus hits you but does no damage.
The white imp gestures at you.
The puff of frost hits you but does no damage.
You closely miss the white imp.
The white imp is almost dead.
Your hound barely misses the white imp.
The nameless horror barely misses you.
The ufetubus hits you but does no damage. x2
Your hound closely misses the white imp.
Your magical contamination has completely faded away.
Unknown command.
You closely miss the white imp.
The white imp is almost dead.
The ufetubus disappears in a puff of smoke!
The white imp gestures at you. The puff of frost hits you.
The white imp hits you but does no damage.
The nameless horror hits you.
Your hound bites the white imp.
Flame seeps out of the white imp.
You closely miss the white imp.
The white imp is almost dead.
You feel less wooden.
Your +0 robe unmelds from your body.
Your hound bites the white imp.
The white imp disappears in a puff of smoke!
The white imp explodes!
The fiery explosion engulfs the white imp!!!
The white imp is burned terribly!
The white imp disappears in a puff of smoke!
The fiery explosion engulfs you!!!
Ouch! That really hurt!
You die...

.### ###...<.###....#.........##
...#####......# ###..#.......)...
.............### #............#.
...............## ##..........###
.......###......# #..........#..
........###....## ##............
....#.........§§####.........###.
#.............§§#§h...#...#..# #.
##......##....§§@§§#####.###.# ##
.#.......###..§X§@§§###..# .... .
.#......###...§§§§§......###..#
##....÷......#...........##...#
#...>##......#........#...#...#
.....#................##.....# ##
^..............##..)<.##....####.
................)..).......§§..#.
.....##........##[###.......§§...


You could see a nameless horror (ally target), Eustachio (inner flame) and a
friendly hound (summoned, inner flame).

Vanquished Creatures
  A black bear (D:4)
  A scorpion (D:5)
  A howler monkey (D:4)
  A hound (D:5)
  A gnoll (D:5)
  2 adders
  A white imp (D:5)
  A dart slug (D:3)
  3 orcs
  4 ball pythons
  4 bats
  8 endoplasms
  5 giant cockroaches
  3 goblins (D:1)
  6 hobgoblins
  2 jackals (D:1)
  A quokka (D:1)
  4 frilled lizards
  7 rats
56 creatures vanquished.

Vanquished Creatures (collateral kills)
  A water moccasin (D:5)
  An ogre (D:5)
  A scorpion (D:5)
  2 hounds (D:5)
  An iguana (D:4)
  A gnoll (D:5)
  3 adders
  A white imp (D:5)
  A worm (D:2)
  5 orcs
  2 endoplasms
  A giant cockroach (D:3)
  A goblin (D:1)
  A hobgoblin (D:1)
  A jackal (D:1)
  A kobold (D:4)
  2 quokkas
  2 ball pythons
  A frilled lizard (D:1)
  A rat (D:1)
30 creatures vanquished.

Vanquished Creatures (others)
  A water moccasin (D:5)
  2 orcs (D:5)
  7 plants
10 creatures vanquished.

Grand Total: 96 creatures vanquished

Notes
Turn   | Place    | Note
-------+----------+-------------------------------------------
     0 | D:1      | LnG the Kobold Summoner began the quest for the Orb.
     0 | D:1      | Reached XP level 1. HP: 10/10 MP: 3/3
   172 | D:1      | Reached XP level 2. HP: 15/15 MP: 5/5
   175 | D:1      | Learned a level 2 spell: Call Imp
   568 | D:1      | Reached skill level 3 in Stealth
   826 | D:1      | Reached XP level 3. HP: 19/19 MP: 6/6
  1185 | D:1      | Found a faded altar of an unknown god.
  1623 | D:2      | Learned a level 3 spell: Call Canine Familiar
  1628 | D:2      | Reached XP level 4. HP: 24/24 MP: 5/7
  1632 | D:2      | Reached skill level 1 in Short Blades
  1632 | D:2      | Reached skill level 4 in Stealth
  1980 | D:2      | Found a radiant altar of Vehumet.
  2985 | D:4      | Found a transporter.
  2999 | D:4      | Found a transporter.
  3090 | D:4      | Noticed a black bear
  3097 | D:4      | Killed a black bear
  3098 | D:4      | Reached skill level 6 in Stealth
  3098 | D:4      | Reached XP level 5. HP: 20/28 MP: 5/9
  3108 | D:4      | Reached skill level 1 in Fighting
  3108 | D:4      | Reached XP level 6. HP: 25/34 MP: 6/10
  3346 | D:4      | Reached skill level 7 in Stealth
  3459 | D:4      | Learned a level 3 spell: Summon Guardian Golem
  3571 | D:4      | Identified the +5 halberd of Qurousar {elec, Str+7}
  3596 | D:4      | Noticed Bediveer's ghost (novice HuWn)
  3670 | D:5      | Entered Level 5 of the Dungeon
  3705 | D:5      | Noticed Eustachio
  3880 | D:5      | Noticed a water moccasin
  3891 | D:5      | HP: 1/34 [water moccasin (2)]
  3893 | D:5      | Reached XP level 7. HP: 33/38 MP: 5/11
  3909 | D:5      | Killed a water moccasin
  3910 | D:5      | Reached skill level 8 in Stealth
  4077 | D:5      | Reached skill level 5 in Summonings
  4157 | D:5      | Identified the +5 halberd "Zeararez" {vamp, Will+ Dex+4}
  4245 | D:5      | Noticed a water moccasin
  4251 | D:5      | Killed a water moccasin
  4252 | D:5      | Reached XP level 8. HP: 19/43 MP: 9/13
  4466 | D:5      | Learned a level 4 spell: Summon Lightning Spire
  4543 | D:5      | Found a radiant altar of Vehumet.
  4544 | D:5      | Found a white marble altar of Elyvilon.
  4546 | D:5      | Found a snail-covered altar of Cheibriados.
  4816 | D:5      | Found a burning altar of Makhleb.
  4816 | D:5      | Found a shimmering blue altar of Sif Muna.
  5081 | D:5      | Noticed a nameless horror
  5097 | D:5      | Killed by an exploding white imp... ignited by their inner
                  | flame

Illustrated notes

Levels and vault maps discovered:
D:1:      lemuel_arrival_cross, layout_basic,
          hellmonk_ecumenical_altar_arch_garden
D:2:      layout_rooms, basic_altar, hangedman_decor_push
D:3:      layout_basic, st_stairs_2
D:4:      layout_rooms, gammafunk_ghost_gnarly_gnolls
D:5:      layout_cave_pools, gammafunk_temple_overflow_pools,
          gammafunk_temple_overflow_forgotten, temple_pool_b,
          dreamdust_gnoll_farm, uniq_eustachio

Skill      XL: |  1  2  3  4  5  6  7  8 |
---------------+-------------------------+-----
Stealth        | 3 6 7 8 |  8.6
Short Blades   | 1 2 |  2.6
Fighting       | 1 |  1.4
Dodging        | 3 4 |  4.1
Spellcasting   | 3 |  3.9
Summonings     | 5 |  5.4
Hexes          | |  0.8

Action                   |  1- 3 |  4- 6 |  7- 9 || total
-------------------------+-------+-------+-------++-------
Melee: Dagger            |    61 |    85 |    72 ||   218
       Punch             |       |     3 |       ||     3
 Cast: Summon Small Mamm |    10 |     4 |     1 ||    15
       Call Imp          |     4 |     2 |       ||     6
       Call Canine Famil |       |     7 |     8 ||    15
       Summon Guardian G |       |     2 |     6 ||     8
       Summon Lightning  |       |       |     1 ||     1
  Use: Potion            |     1 |     1 |     3 ||     5
       Scroll            |     1 |     1 |     7 ||     9
 Stab: Sleeping          |    17 |    20 |       ||    37
       Distracted        |       |       |     1 ||     1
Armor: Skin              |     5 |       |   108 ||   113
       Robe              |     5 |    12 |     6 ||    23
Dodge: Dodged            |    63 |    82 |    73 ||   218

Table legend: (Time is in decaauts)
 A = Elapsed time spent in this place.
 B = Non-inter-level travel time spent in this place.
 C = Inter-level travel time spent in this place.
 D = Time resting spent in this place.
 E = Time spent auto-exploring this place.
 F = Levels seen in this place.
 G = Mean time per level.
                   A        B        C        D        E       F      G
               +--------+--------+--------+--------+--------+-----+--------+
         Total |   5083 |   4992 |     91 |   1438 |   2744 |   5 | 1016.6 |
       Dungeon |   5083 |   4992 |     91 |   1438 |   2744 |   5 | 1016.6 |
               +--------+--------+--------+--------+--------+-----+--------+

Top non-repeatable levels by time:
     D:1: 1430 daAuts
     D:5: 1132 daAuts
     D:4: 1026 daAuts
     D:2: 852 daAuts
     D:3: 641 daAuts
